 Dungeon Crawl Stone Soup version 0.30-a0-43-gbbf338a72c (webtiles) character file.

Game seed: 6021585718586567761

24 Locuples the Chopper (level 2, 22/27 HPs)
             Began as a Minotaur Monk on Aug 31, 2022.
             Was the Champion of Ignis.
             Got out of the dungeon alive.
             The game lasted 00:01:46 (821 turns).

Locuples the Chopper (Minotaur Monk)                 Turns: 821, Time: 00:01:46

Health: 22/27      AC:  6    Str: 15    XL:     2   Next: 79%
Magic:  1/1        EV: 10    Int:  7    God:    Ignis [******]
Gold:   65         SH:  0    Dex: 12    Spells: 1/1 levels left

rFire   + . .      SeeInvis .    a - +0 hand axe
rCold   . . .      Faith    .    (no shield)
rNeg    . . .      Spirit   .    g - +0 scale mail
rPois   .          Reflect  .    (helmet restricted)
rElec   .          Harm     .    (no cloak)
rCorr   .          Rampage  .    (no gloves)
Will    .....                    (no boots)
Stlth   ..........               (no amulet)
HPRegen 0.09/turn                (no ring)
MPRegen 0.07/turn                (no ring)

@: no status effects
A: horns 2, retaliatory headbutt
a: Renounce Religion, Fiery Armour, Foxfire Swarm, Rising Flame


You escaped.
You worshipped Ignis.
Ignis was exalted by your worship.
You visited 1 branch of the dungeon, and saw 1 of its levels.

You collected 65 gold pieces.

Inventory:

Hand Weapons
 a - a +0 hand axe (weapon)
Armour
 g - a +0 scale mail (worn)
Scrolls
 b - a scroll of acquirement {unknown}
 e - 2 scrolls of immolation {unknown}
 f - a scroll of amnesia {unknown}
 h - a scroll of teleportation {unknown}
 i - a scroll of noise {unknown}
Potions
 c - a potion of ambrosia
 d - a potion of brilliance {unknown}


   Skills:
 + Level 4.2 Fighting
 + Level 4.4 Axes
 - Level 3.2 Dodging
 - Level 1.5 Stealth


You had one spell level left.
You didn't know any spells.
Your spell library contained the following spells:

 Spells                   Type           Power      Damage    Failure   Level
 Ensorcelled Hibernation  Hex/Ice        0%         N/A       96%         2
 Passwall                 Tmut/Erth      0%         N/A       96%         2
 Swiftness                Air            0%         N/A       99%         3


Dungeon Overview and Level Annotations

Branches:
Dungeon (1/15)

Altars:
Ignis


Innate Abilities, Weirdness & Mutations

You have a pair of horns on your head.
You reflexively headbutt those who attack you in melee.


Message History

The slug dart hits you but does no damage.
You slash the dart slug!
You headbutt the dart slug, but do no damage.
The dart slug is severely wounded.
You slash the dart slug!
You kill the dart slug!
Found a club.
A ball python comes into view.
Found 9 gold pieces.
The ball python hisses angrily.
Found a club.
You slash the ball python!
You kill the ball python!
Found a scroll labelled GAQUEX SYNLANK.
You see here a ball python corpse.
Found a stone staircase leading down.
You now have 65 gold pieces (gained 9).
i - a scroll labelled GAQUEX SYNLANK An endoplasm comes into view.
The endoplasm quivers.
An endoplasm is nearby!
The endoplasm hits you but does no damage.
You hit the endoplasm.
The endoplasm is heavily wounded.
The endoplasm freezes you.
You are frozen.
You hit the endoplasm.
The endoplasm is almost dead.
The endoplasm freezes you.
You are frozen.
You barely miss the endoplasm.
The endoplasm is almost dead.
The endoplasm barely misses you. You furiously retaliate!
You headbutt the endoplasm!
You kill the endoplasm!
You open the gate.
There is an open gate here.
There is a staircase leading out of the dungeon here.
Are you sure you want to leave the Dungeon?
This will make you lose the game!
You have escaped!

......#.##.###### #.##.#...
##.#.#.#...# #.....##>
###...##.#.# #.###.##. #
##.###.#.##############.#
#.##.
#.#....)..........##...#
#..#.
####.#.#.###.##'''##....###
##.#.
.......#.###.#.....#.####
.#. #####..#.##..#.....#.#
.#. #....#...#..@..#.# #.
#..#.....#.....#.# #.#.
#....###.##'''##.# #.#.
#..#.# #.......### #.#.
#....# ######### #.#.
#####..#.# #.#. .......#.#
#.#. .........# #.#.
##..#..#.# #...


There were no monsters in sight!

Vanquished Creatures
  A dart slug (D:1)
  4 endoplasms (D:1)
  A goblin (D:1)
  2 hobgoblins (D:1)
  4 kobolds (D:1)
  3 quokkas (D:1)
  3 ball pythons (D:1)
  2 rats (D:1)
20 creatures vanquished.

Notes
Turn   | Place    | Note
-------+----------+-------------------------------------------
     0 | D:1      | Locuples the Minotaur Monk began the quest for the Orb.
     0 | D:1      | Reached XP level 1. HP: 19/19 MP: 0/0
   277 | D:1      | Reached XP level 2. HP: 27/27 MP: 1/1
   320 | D:1      | Found a faded altar of an unknown god.
   338 | D:1      | Prayed at the altar of an unknown god.
   338 | D:1      | Became a worshipper of Ignis, the Dying Flame
   338 | D:1      | Reached ****** piety under Ignis
   821 | D:$      | Got out of the dungeon alive.

Illustrated notes

Levels and vault maps discovered:
D:1:      dpeg_arrival_windows_large_door, layout_loops_ring,
          ebering_ecumenical_altar_rust, glass_columns_b, grunt_decor_clamped

Skill      XL: |  1 |
---------------+----+-----
Axes           | 4 |  4.4
Fighting       | 4 |  4.2
Dodging        | |  3.2
Stealth        | |  1.5

Action                   || total
-------------------------++-------
Melee: Hand axe          ||    38
       Headbutt          ||     5
Armor: Scale mail        ||     9
       Robe              ||     1
Dodge: Dodged            ||    15

Table legend: (Time is in decaauts)
 A = Elapsed time spent in this place.
 B = Non-inter-level travel time spent in this place.
 C = Inter-level travel time spent in this place.
 D = Time resting spent in this place.
 E = Time spent auto-exploring this place.
 F = Levels seen in this place.
 G = Mean time per level.
                   A        B        C        D        E       F      G
               +--------+--------+--------+--------+--------+-----+--------+
         Total |    824 |    824 |      0 |      0 |    578 |   1 |  824.0 |
       Dungeon |    824 |    824 |      0 |      0 |    578 |   1 |  824.0 |
               +--------+--------+--------+--------+--------+-----+--------+

Top non-repeatable levels by time:
     D:1: 824 daAuts
